 Dungeon Crawl Stone Soup version 0.28-a0-1227-ga9037bb4c8 (webtiles) character file.

Game seed: 10939964031968474041

81 flotson the Ducker (level 4, 0/34 HPs)
             Began as a Demonspawn Gladiator on Dec 23, 2021.
             Slain by an ufetubus (2 damage)
             ... on level 4 of the Dungeon.
             The game lasted 00:05:01 (2567 turns).

flotson the Ducker (Demonspawn Gladiator)           Turns: 2567, Time: 00:05:02

Health: 0/34       AC:  7    Str: 16    XL:     4   Next: 20%
Magic:  4/4        EV: 11    Int: 10    God:
Gold:   47         SH:  0    Dex: 14    Spells: 3/3 levels left

rFire   . . .      SeeInvis .   a - +0 flail
rCold   . . .      Faith    .   (no shield)
rNeg    . . .      Spirit   .   e - +0 ring mail
rPois   .          Reflect  .   c - +0 helmet
rElec   .          Harm     .   r - +0 cloak
rCorr   .          Rampage  .   (no gloves)
Will    .....                   (no boots)
Stlth   +.........              (no amulet)
HPRegen 0.11/turn               (no ring)
MPRegen 0.09/turn               (no ring)

@: no status effects
A: hooves 1
a: no special abilities


You were on level 4 of the Dungeon.
You visited 1 branch of the dungeon, and saw 4 of its levels.

You collected 95 gold pieces.
You spent 48 gold pieces at shops.

Inventory:

Hand Weapons
 a - a +0 flail (weapon)
 b - a +0 hunting sling
Missiles
 d - 3 throwing nets (quivered)
 i - 36 sling bullets
 m - 27 poisoned darts
 n - 2 atropa-tipped darts
 s - 5 boomerangs
 w - 5 javelins
Armour
 c - a +0 helmet (worn)
 e - a +0 ring mail (worn)
 r - a +0 cloak (worn)
Wands
 x - a wand of iceblast (3)
Scrolls
 f - a scroll of enchant armour {unknown}
 j - 4 scrolls of identify {unknown}
 k - a scroll of enchant weapon {unknown}
 o - a scroll of teleportation {unknown}
 q - a scroll of fog {unknown}
 t - a scroll of holy word {unknown}
 v - a scroll of silence {unknown}
Potions
 g - a potion of heal wounds {unknown}
 h - a potion of degeneration {unknown}
 l - 2 potions of might
 p - 2 potions of lignification {unknown}
 u - a potion of curing {unknown}


   Skills:
 + Level 2.7 Fighting
 - Level 2.6 Maces & Flails
 + Level 2.4 Throwing
 + Level 1.6 Armour
 + Level 3.3 Dodging


You had 3 spell levels left.
You didn't know any spells.
Your spell library was empty.

Dungeon Overview and Level Annotations

Branches:
Dungeon (4/15)
 Temple: D:4-7

Altars:
Makhleb
Xom

Shops:
D:2 =   D:4 *

Portals:
Abyss: D:3

Annotations:
D:3 2 transporters, horus123's ghost, amateur DsAK


Innate Abilities, Weirdness & Mutations

You have large cloven feet.


Message History

The ufetubus is lightly wounded.
The ufetubus hits you.
* * * LOW HITPOINT WARNING * * *
The ufetubus completely misses you.
The goblin shoots a stone.
The stone hits you but does no damage. The ufetubus barely misses you.
The ufetubus closely misses you.
You hit the ufetubus.
The ufetubus is heavily wounded.
The ufetubus misses you. The ufetubus closely misses you.
The goblin shoots a stone.
The stone barely misses you.
The ufetubus hits you but does no damage.
The ufetubus barely misses you.
You barely miss the ufetubus.
The ufetubus is heavily wounded.
The ufetubus hits you.
* * * LOW HITPOINT WARNING * * *
The ufetubus hits you but does no damage.
The goblin unwields a +0 hunting sling.
The goblin wields a +0 club.
The goblin hits you but does no damage. The ufetubus closely misses you. x2
You miss the ufetubus. Your kick misses the ufetubus.
The ufetubus is heavily wounded.
The ufetubus closely misses you.
The ufetubus hits you but does no damage.
The goblin closely misses you.
Unknown command.
Okay, then.
You closely miss the ufetubus. Your kick misses the ufetubus.
The ufetubus is heavily wounded.
The ufetubus hits you but does no damage.
The ufetubus barely misses you. The ufetubus closely misses you. x2
The goblin hits you with a +0 club.
* * * LOW HITPOINT WARNING * * *
Unknown command.
Aiming: Iceblast
Press: ? - help, Shift-Dir - straight line The mass of ice explodes!
The iceblast engulfs the goblin!!
You kill the goblin!
You hear a shout!
The ufetubus closely misses you. The ufetubus hits you.
You die...

...... ......
..... ...# #..#
#..## #.)5#
#@.#######
#......†.#
........#####.#
...####.# #.# .
#.# #.# #.#
##.# ##.# #..#
#..# #.## #..#
#.#


You could see an ufetubus.

Vanquished Creatures
  An adder (D:4)
  2 adder skeletons (D:4)
  2 dart slugs
  An orc (D:3)
  5 ball pythons
  3 endoplasms
  12 goblins
  9 hobgoblins
  2 quokkas
  10 bats
  4 frilled lizards
  6 kobolds
  A rat (D:1)
58 creatures vanquished.

Vanquished Creatures (others)
  A scorpion (D:4)
  A howler monkey (D:4)
  2 orcs (D:4)
  A goblin (D:4)
5 creatures vanquished.

Grand Total: 63 creatures vanquished

Notes
Turn   | Place    | Note
-------+----------+-------------------------------------------
     0 | D:1      | flotson the Demonspawn Gladiator began the quest for the
                  | Orb.
     0 | D:1      | Reached XP level 1. HP: 16/16 MP: 1/1
   189 | D:1      | Discovered your monstrous ancestry.
   189 | D:1      | Gained mutation: You have large cloven feet. [demonic
                  | ancestry]
   189 | D:1      | Reached XP level 2. HP: 19/22 MP: 2/2
   503 | D:1      | Reached skill level 3 in Dodging
   874 | D:1      | Reached skill level 1 in Armour
  1092 | D:1      | Reached XP level 3. HP: 28/28 MP: 3/3
  1102 | D:1      | Found a faded altar of an unknown god.
  1794 | D:2      | Found Hoiruf's Jewellery Emporium.
  1801 | D:2      | Found a burning altar of Makhleb.
  1889 | D:3      | Found a transporter.
  1909 | D:3      | Noticed a small abomination
  1921 | D:3      | Noticed a small abomination
  1934 | D:3      | Noticed a kobold brigand
  1968 | D:3      | Found a transporter.
  2149 | D:3      | Noticed horus123's ghost (amateur DsAK)
  2219 | D:3      | Found a one-way gate to the infinite horrors of the Abyss.
  2391 | D:4      | Found a shimmering altar of Xom.
  2391 | D:4      | Noticed a scorpion
  2395 | D:4      | Killed a scorpion
  2433 | D:4      | Reached XP level 4. HP: 25/34 MP: 4/4
  2470 | D:4      | Found Waduries's CLEARANCE SALE!.
  2483 | D:4      | Bought a potion of might for 16 gold pieces
  2483 | D:4      | Bought a wand of iceblast (4) for 32 gold pieces
  2567 | D:4      | Slain by an ufetubus

Illustrated notes

Levels and vault maps discovered:
D:1:      lightli_molten_gateway, layout_loops_ring,
          hellmonk_ecumenical_altar_inner_sanctum
D:2:      layout_loops_ring, basic_altar, serial_shops, shop
D:3:      layout_rooms, gammafunk_ghost_abyssal_escape
D:4:      layout_loops_ring, nicolae_overflow_hallway_of_the_gods,
          xom_confusion_cloud, minmay_temple_entry_arrows,
          gup_sewer_entry_bubbles, serial_shops, nicolae_lakefront_shop,
          nicolae_shop_clearance

Skill      XL: |  1  2 |
---------------+-------+-----
Throwing       | 2 |  2.4
Dodging        | 3 |  3.3
Armour         | 1 |  1.6
Fighting       | |  2.7
Maces & Flails | |  2.6

Action                   |  1- 3 |  4- 6 || total
-------------------------+-------+-------++-------
Melee: Flail             |   114 |    18 ||   132
       Kick              |    24 |     1 ||    25
 Fire: Hunting sling     |    20 |       ||    20
Evoke: Wand              |       |     1 ||     1
Armor: Leather armour    |    10 |       ||    10
       Ring mail         |    43 |    19 ||    62
Dodge: Dodged            |    69 |    36 ||   105

Table legend: (Time is in decaauts)
 A = Elapsed time spent in this place.
 B = Non-inter-level travel time spent in this place.
 C = Inter-level travel time spent in this place.
 D = Time resting spent in this place.
 E = Time spent auto-exploring this place.
 F = Levels seen in this place.
 G = Mean time per level.
                   A        B        C        D        E       F      G
               +--------+--------+--------+--------+--------+-----+--------+
         Total |   2601 |   2344 |    257 |      0 |   1751 |   4 |  650.2 |
       Dungeon |   2601 |   2344 |    257 |      0 |   1751 |   4 |  650.2 |
               +--------+--------+--------+--------+--------+-----+--------+

Top non-repeatable levels by time:
     D:1: 1198 daAuts
     D:2: 714 daAuts
     D:3: 456 daAuts
     D:4: 231 daAuts
